 Dungeon Crawl Stone Soup version 0.31.0-12-g77e489cdc1 (webtiles) character file.

Game seed: 12590714194528727243

3222 ChadusMaximus the Cleaver (level 9, -5/80 (81) HPs)
             Began as a Minotaur Fighter on Mar 7, 2024.
             Was a Priest of Okawaru.
             Slain by a wight
             ... wielding a +0 flail
              (10 damage)
             ... on level 7 of the Dungeon.
             The game lasted 00:04:51 (5952 turns).

ChadusMaximus the Cleaver (Minotaur Fighter)        Turns: 5952, Time: 00:04:52

HP:   -5/80 (81)    AC: 10    Str: 25    XL:     9   Next: 66%
MP:   8/8           EV:  9    Int:  5    God:    Okawaru [***...]
Gold: 256           SH:  5    Dex: 10    Spells: 8/8 levels left

rFire   + . .        z - +7 dagger "Jazajuckyo" {spect, rC+}
rCold   + . .        c - +0 buckler
rNeg    . . .        b - +0 scale mail
rPois   .            (helmet restricted)
rElec   .            f - +0 cloak
rCorr   .            (no gloves)
SInv    .            m - +0 pair of boots
Will    .....        (no amulet) Stlth
                     k - ring of protection from fire
HPRegen 0.33/turn    (no ring)
MPRegen 0.11/turn

%: no passive effects
@: lightly drained
A: horns 2, retaliatory headbutt
a: Renounce Religion, Heroism


You were on level 7 of the Dungeon.
You worshipped Okawaru.
Okawaru was most pleased with you.
You visited 2 branches of the dungeon, and saw 8 of its levels.

You collected 256 gold pieces.

Inventory:

Hand Weapons
 a - a +0 war axe
 z - the +7 dagger "Jazajuckyo" (weapon) {spect, rC+}
   (You took it off a centaur on level 6 of the Dungeon)

   rC+:       It protects you from cold.
Missiles
 q - a throwing net (quivered)
Armour
 b - a +0 scale mail (worn)
 c - a +0 buckler (worn)
 f - a +0 cloak (worn)
 m - a +0 pair of boots (worn)
Jewellery
 k - a ring of protection from fire (left hand)
 r - an amulet of magic regeneration
 w - a ring of flight
 B - a ring of resist corrosion
Scrolls
 g - 5 scrolls of identify {unknown}
 h - a scroll of torment {unknown}
 i - 2 scrolls of immolation {unknown}
 j - 3 scrolls of revelation {unknown}
 n - 2 scrolls of fog {unknown}
 o - a scroll of silence {unknown}
 p - 5 scrolls of teleportation {unknown}
 s - a scroll of summoning {unknown}
 u - 3 scrolls of vulnerability {unknown}
 x - 3 scrolls of blinking {unknown}
 y - a scroll of enchant armour {unknown}
 A - a scroll of poison {unknown}
Potions
 d - 3 potions of might
 e - 3 potions of haste {unknown}
 l - 2 potions of heal wounds {unknown}
 t - a potion of curing {unknown}
 v - a potion of berserk rage {unknown}


   Skills:
 + Level 8.1 Fighting
 * Level 10.6 Axes
 + Level 8.2 Armour
 + Level 8.2 Shields


You had 8 spell levels left.
You didn't know any spells.
Your spell library contained the following spells:

 Spells                   Type           Power      Damage    Failure   Level
 Magic Dart               Conj           0%         1d3       78%         1
 Ensorcelled Hibernation  Hex/Ice        0%         N/A       89%         2
 Scorch                   Fire           0%         2d5       89%         2
 Searing Ray              Conj           0%         2d4       89%         2
 Static Discharge         Conj/Air       0%         3-3/arc   89%         2
 Passwall                 Erth           0%         N/A       98%         3
 Sigil of Binding         Hex            0%         N/A       98%         3
 Swiftness                Air            0%         N/A       98%         3
 Airstrike                Air            0%         2d(0-16)  100%        4
 Dimensional Bullseye     Hex/Tloc       0%         N/A       100%        4
 Flame Wave               Conj/Fire      0%         2d4       100%        4
 Fulminant Prism          Conj/Alch      0%         3d5       100%        4
 Call Canine Familiar     Summ           Unusable   N/A       N/A         3
 Summon Lightning Spire   Summ/Air       Unusable   N/A       N/A         4
 Summon Cactus Giant      Summ           Unusable   N/A       N/A         6

Dungeon Overview and Level Annotations

Branches:
Dungeon (7/15)             Temple (1/1) D:4

Altars:
Ashenzari
Cheibriados
Dithmenos
Elyvilon
Gozag
Hepliaklqana
Kikubaaqudgha
Makhleb
Okawaru
Qazlal
Ru
Trog
Uskayaw
Vehumet
Xom
Yredelemnul
Zin
The Shining One

Shops:
D:2 [


Innate Abilities, Weirdness & Mutations

You have a pair of horns on your head.
You reflexively headbutt those who attack you in melee.


Message History

You closely miss the steam dragon.
The steam dragon is lightly wounded.
Your +7 dagger "Jazajuckyo" {spect, rC+} hits the steam dragon but does no damage.
The steam dragon closely misses you. You furiously retaliate!
You headbutt the steam dragon! The steam dragon completely misses you.
Unknown command.
You hit the steam dragon. Your headbutt misses the steam dragon.
The steam dragon is severely wounded.
Your +7 dagger "Jazajuckyo" {spect, rC+} hits the steam dragon.
The steam dragon bites you but does no damage.
The steam dragon barely misses you.
Unknown command.
You hit the steam dragon. Your headbutt misses the steam dragon.
The steam dragon is almost dead.
Your +7 dagger "Jazajuckyo" {spect, rC+} barely misses the steam dragon.
The steam dragon bites you.
* * * LOW HITPOINT WARNING * * *
You block the steam dragon's attack.
Unknown command.
You barely miss the steam dragon. You headbutt the steam dragon.
The steam dragon is almost dead.
Your +7 dagger "Jazajuckyo" {spect, rC+} barely misses the steam dragon.
The steam dragon barely misses you. You furiously retaliate!
You headbutt the steam dragon.
You kill the steam dragon!
Okawaru accepts your kill.
The steam dragon scales are intact enough to wear.
A wight comes into view.
It is wielding a +3 short sword of freezing.
Your +7 dagger "Jazajuckyo" {spect, rC+} disappears.
A wight comes into view.
It is wielding a +3 halberd of freezing.
The wight hits you with a +4 short sword!
* * * LOW HITPOINT WARNING * * *
Things that are here:
+0 steam dragon scales; a steam dragon corpse You block the wight's attack.
The wight attacks as it pursues you! The wight hits you with a +0 flail.
* * * LOW HITPOINT WARNING * * *
You feel drained. The wight attacks as it pursues you!
The wight hits you with a +0 flail!
You die...

#.......# #.......# #......z#
#.......# #..[....########
######...)...#......###
........#'####........######
........#.####.............###
.........zz.z@.#######.......#
.........z.....# #######.#
#######........# #..
#........# ### #...)....#
###+######


You could see 4 wights.

Vanquished Creatures
  The ghost of topfpfpflanze the Sneak, a novice OpCj (D:6)
  The ghost of zxspectator the Digger, a novice GrEE of Sif Muna (D:6)
  A wyvern (D:7)
  2 steam dragons
  Menkaure (D:6)
  2 water moccasins (D:6)
  Duvessa (D:7)
  An ice beast (D:7)
  A black bear (D:5)
  3 ogres
  5 centaurs
  A phantom (D:6)
  A scorpion (D:5)
  A bullfrog (D:6)
  Dowan (D:7)
  2 hounds
  3 bombardier beetles
  3 jellies
  2 orc priests
  5 iguanas
  A sleepcap (D:5)
  5 orc wizards (D:5)
  4 adders
  3 dart slugs
  2 ribbon worms
  19 orcs
  7 endoplasms
  6 goblins
  11 hobgoblins
  3 jackals (D:2)
  6 kobolds
  4 quokkas
  12 ball pythons
  8 bats
  2 frilled lizards
  6 rats
137 creatures vanquished.

Notes
Turn   | Place    | Note
-------+----------+-------------------------------------------
     0 | D:1      | ChadusMaximus the Minotaur Fighter began the quest for the
                  | Orb.
     0 | D:1      | Reached XP level 1. HP: 19/19 MP: 0/0
   154 | D:1      | Reached XP level 2. HP: 25/27 MP: 1/1
   351 | D:1      | Found a faded altar of an unknown god.
   410 | D:1      | Reached skill level 3 in Axes
   926 | D:2      | Reached XP level 3. HP: 33/33 MP: 2/2
  1021 | D:2      | Found Eniox's Antique Armour Emporium.
  1429 | D:3      | Noticed a centaur
  1440 | D:3      | Reached XP level 4. HP: 40/40 MP: 3/3
  1814 | D:4      | Noticed an ogre
  1819 | D:4      | Reached skill level 4 in Axes
  1823 | D:4      | Killed an ogre
  1824 | D:4      | Reached XP level 5. HP: 31/47 MP: 4/4
  1945 | D:4      | Noticed a centaur
  1958 | D:4      | Killed a centaur
  1959 | D:4      | Reached skill level 5 in Axes
  1959 | D:4      | Reached XP level 6. HP: 50/55 MP: 5/5
  1996 | D:4      | Reached skill level 5 in Armour
  2016 | D:4      | Found a staircase to the Ecumenical Temple.
  2027 | Temple   | Entered the Ecumenical Temple
  2034 | Temple   | Became a worshipper of Warmaster Okawaru
  2066 | D:4      | Reached skill level 5 in Fighting
  2066 | D:4      | Reached skill level 5 in Shields
  2465 | D:5      | Entered Level 5 of the Dungeon
  2618 | D:5      | Reached skill level 6 in Axes
  2708 | D:5      | Reached XP level 7. HP: 58/61 MP: 6/6
  3236 | D:5      | Reached skill level 7 in Axes
  3432 | D:5      | Reached * piety under Okawaru
  3463 | D:5      | Reached XP level 8. HP: 13/70 MP: 7/7
  4134 | D:6      | Reached skill level 8 in Axes
  4216 | D:6      | Identified the +7 dagger "Jazajuckyo" {spect, rC+}
  4467 | D:6      | Noticed Menkaure
  4475 | D:6      | Killed Menkaure
  4512 | D:6      | Found a glowing silver altar of Zin.
  4585 | D:6      | Reached ** piety under Okawaru
  4760 | D:6      | Reached skill level 9 in Axes
  4948 | D:6      | Found a runed translucent gate.
  4949 | D:6      | Found a runed translucent gate.
  4985 | D:6      | Found a runed translucent gate.
  4986 | D:6      | Noticed zxspectator's ghost (novice GrEE)
  4986 | D:6      | Noticed topfpfpflanze's ghost (novice OpCj)
  5002 | D:6      | Reached XP level 9. HP: 73/79 MP: 8/8
  5406 | D:6      | Killed topfpfpflanze's ghost
  5409 | D:6      | Killed zxspectator's ghost
  5409 | D:6      | Reached *** piety under Okawaru
  5410 | D:6      | Reached skill level 10 in Axes
  5925 | D:7      | Noticed Duvessa
  5925 | D:7      | Noticed Dowan
  5930 | D:7      | Killed Dowan
  5938 | D:7      | Killed Duvessa
  5943 | D:7      | HP: 3/81 [wight/+4 short sword (12)]
  5950 | D:7      | HP: 4/81 [wight/+0 flail (1)]
  5952 | D:7      | Slain by a wight

Illustrated notes

Levels and vault maps discovered:
D:1:      dpeg_arrival_shrine, layout_basic, dreamdust_ecumenical_altar_statues,
          minmay_pentomino_v2
D:2:      wander_river, layout_rooms, serial_shops, nicolae_shop_crystal
D:3:      layout_basic, chequers_mini_garden, lightli_corner_chamber
D:4:      layout_basic, minmay_temple_entry_sparse_star
D:5:      layout_basic
D:6:      layout_loops_ring, mainiacjoe_overflow_24_doors,
          gammafunk_ghost_cemetery, minmay_misc_feat_cross,
          serial_library_regret_index_double_sided, uniq_menkaure
D:7:      layout_basic, st_stairs_1, grunt_ministairs_10, minmay_lizard_king,
          uniq_duvessa, uniq_jeremiah
Temple:   sentei_temple_godly_chess

Skill      XL: |  1  2  3  4  5  6  7  8  9 |
---------------+----------------------------+-----
Axes           | 3 4 5 6 7 9 10 | 10.6
Armour         | 4 5 6 7 8 |  8.2
Fighting       | 4 5 6 7 8 |  8.1
Shields        | 4 5 6 7 8 |  8.2

Action                     |  1- 3 |  4- 6 |  7- 9 || total
---------------------------+-------+-------+-------++-------
  Melee: War axe           |    79 |   107 |    59 ||   245
         Headbutt          |    11 |    14 |    35 ||    60
         Dagger            |       |       |    94 ||    94
 Invoke: Heroism           |       |       |     1 ||     1
 Armour: Scale mail        |    50 |    85 |   143 ||   278
  Dodge: Dodged            |    41 |    36 |    74 ||   151
  Block: Buckler           |    10 |    25 |    40 ||    75
